 Dungeon Crawl Stone Soup version 0.22.1-2-g9c5b331383 (webtiles) character file.

370 McIrco the Shield-Bearer (level 6, -5/47 HPs)
             Began as a Demonspawn Fighter on Jan 6, 2019.
             Killed by nerve-wracking pain
             ... invoked by Grinder
              (8 damage)
             ... on level 4 of the Dungeon.
             The game lasted 00:06:09 (2957 turns).

McIrco the Shield-Bearer (Demonspawn Fighter)       Turns: 2957, Time: 00:06:10

Health: -5/47      AC:  9    Str: 16    XL:     6   Next: 42%
Magic:  6/6        EV:  9    Int:  9    God:
Gold:   123        SH:  9    Dex: 15    Spells: 5/5 levels left

rFire    x . .     SeeInvis .   a - +0 long sword
rCold    + . .     Gourm    .   c - +0 shield
rNeg     . . .     Faith    .   b - +0 scale mail
rPois    .         Spirit   .   (no helmet)
rElec    .         Reflect  .   (no cloak)
rCorr    .         Harm     .   h - +1 pair of gloves
MR       .....                  (no boots)
Stlth    ..........             (no amulet)
HPRegen  0.15/turn              i - ring of ice
MPRegen  0.10/turn              l - ring of flight

@: no status effects
A: talons 1, sturdy frame 1
a: Evoke Flight


You were on level 4 of the Dungeon.
You were very hungry.

You visited 1 branch of the dungeon, and saw 4 of its levels.

You collected 123 gold pieces.

Inventory:

Hand Weapons
 a - a +0 long sword (weapon)
Armour
 b - a +0 scale mail (worn)
 c - a +0 shield (worn)
 h - a +1 pair of gloves (worn)
Jewellery
 i - a ring of ice (left hand)
 l - a ring of flight (right hand)
Scrolls
 e - 2 scrolls of fear {unknown}
 g - 2 scrolls of enchant armour {unknown}
 j - 4 scrolls of teleportation {unknown}
 m - 4 scrolls of identify {unknown}
 p - a scroll of remove curse {unknown}
 r - 3 scrolls of immolation {unknown}
 s - a scroll of noise {unknown}
Potions
 d - 2 potions of might
 o - a potion of resistance
 q - a potion of curing {unknown}
 t - a potion of lignification {unknown}
 u - a potion of flight {unknown}
Comestibles
 f - 6 rations


   Skills:
 + Level 3.4 Fighting
 + Level 3.2 Long Blades
 * Level 3.9 Armour
 * Level 2.4 Dodging
 * Level 4.1 Shields


You had 5 spell levels left.
You didn't know any spells.
Your spell library was empty.

Dungeon Overview and Level Annotations

Branches:
Dungeon (4/15)
 Temple: D:4-7

Altars:
Sif Muna

Annotations:
D:4 Grinder


Innate Abilities, Weirdness & Mutations

You have sharp toenails.
Your movements are slightly less encumbered by armour. (ER -2)


Message History

Grinder is moderately wounded.
Grinder hits you.
You writhe in agony.
Grinder gestures at you. Pain shoots through your body!
You hit Grinder. You claw Grinder, but do no damage.
Grinder is heavily wounded.
Grinder hits you.
You slash Grinder!
Grinder is heavily wounded.
Grinder gestures at you. Pain shoots through your body!
* * * LOW HITPOINT WARNING * * *
Grinder hits you.
* * * LOW HITPOINT WARNING * * *
You slash Grinder! Your kick misses Grinder.
Grinder is severely wounded.
Grinder blinks!
Grinder gestures at you. Pain shoots through your body!
You die...

##### ...## # # (..
.# .#.#####.####.##
.....5........#
.#.#.#.#.#.#.#..##
........@...<....#
.#.#.#.#.#.#.#.>.#
.......!...........
#.#.#.#.#.#.#...###
#.?##...####...# #.
#...# ..# . ......
..# ###.##.#### ..
# #$


You could see Grinder.

Vanquished Creatures
  A sky beast (D:2)
  A crimson imp (D:3)
  A hound (D:4)
  A worker ant (D:4)
  A hound skeleton (D:4)
  Robin (D:3)
  7 adders
  An adder skeleton (D:4)
  4 dart slugs
  2 leopard geckos
  3 orcs (D:3)
  2 ball pythons
  2 giant cockroaches
  11 hobgoblins
  11 jackals
  A quokka (D:3)
  8 bats
  4 frilled lizards
  14 goblins
  3 kobolds
  A quokka skeleton (D:4)
  19 rats
99 creatures vanquished.

Notes
Turn   | Place    | Note
-------+----------+-------------------------------------------
     0 | D:1      | McIrco the Demonspawn Fighter began the quest for the Orb.
     0 | D:1      | Reached XP level 1. HP: 18/18 MP: 1/1
   145 | D:1      | Gained mutation: Your movements are slightly less
                  | encumbered by armour. (ER -2) [demonic ancestry]
   145 | D:1      | Reached XP level 2. HP: 20/24 MP: 2/2
   220 | D:1      | Reached skill level 3 in Shields
   492 | D:1      | Reached XP level 3. HP: 28/29 MP: 3/3
   850 | D:2      | Reached skill level 1 in Dodging
   850 | D:2      | Gained mutation: You have sharp toenails. [demonic
                  | ancestry]
   850 | D:2      | Reached XP level 4. HP: 28/35 MP: 4/4
  1126 | D:2      | Noticed a sky beast
  1142 | D:2      | Killed a sky beast
  1142 | D:2      | Reached XP level 5. HP: 26/41 MP: 5/5
  1636 | D:3      | Noticed Robin
  1655 | D:3      | Killed Robin
  1847 | D:3      | Found a deep blue altar of Sif Muna.
  1962 | D:3      | Reached skill level 4 in Shields
  1962 | D:3      | Reached XP level 6. HP: 47/47 MP: 6/6
  2193 | D:4      | Noticed Grinder
  2366 | D:4      | Paralysed by Grinder for 5 turns
  2642 | D:4      | Paralysed by Grinder for 3 turns
  2664 | D:4      | Paralysed by Grinder for 7 turns
  2943 | D:4      | Paralysed by Grinder for 3 turns
  2957 | D:4      | Killed from afar by Grinder

Skill      XL: |  1  2  3  4  5 |
---------------+----------------+-----
Shields        | 3 4 |  4.1
Armour         | 3 |  3.9
Long Blades    | 2 3 |  3.2
Dodging        | 1 2 |  2.4
Fighting       | |  3.4

Action                   |  1- 3 |  4- 6 || total
-------------------------+-------+-------++-------
Melee: Long sword        |   144 |   202 ||   346
       Kick              |       |    67 ||    67
  Use: Potion            |       |     3 ||     3
  Eat: Chunk             |       |     6 ||     6
Armor: Scale mail        |    90 |   126 ||   216
Dodge: Dodged            |    56 |    89 ||   145
Block: Shield            |    75 |   123 ||   198
       Rpst.: Long sword |    25 |    25 ||    50
